 Dungeon Crawl Stone Soup version 0.21.1-1-g345015f (webtiles) character file.

466 kae the Insei (level 6, 0/51 HPs)
             Began as a Draconian Transmuter on May 4, 2018.
             Slain by an orc
             ... wielding a +0 trident
              (8 damage)
             ... on level 4 of the Dungeon.
             The game lasted 00:03:27 (3822 turns).

kae the Insei (Draconian Transmuter)                Turns: 3822, Time: 00:03:28

Health: 0/51       AC:  7    Str: 12    XL:     6   Next: 81%
Magic:  9/10       EV: 12    Int: 14    God:
Gold:   118        SH:  0    Dex: 13    Spells: 5/11 levels left

rFire    . . .     SeeInvis .   d - +0 spear
rCold    . . .     Gourm    .   (no shield)
rNeg     . . .     Faith    .   (armour unavailable)
rPois    .         Spirit   .   (helmet restricted)
rElec    .         Reflect  .   (no cloak)
rCorr    .         Harm     .   (no gloves)
MR       .....                  g - +0 pair of boots
Stlth    +.........             (no amulet)
HPRegen  0.17/turn              (no ring)
MPRegen  0.12/turn              (no ring)

@: no status effects
A: unfitting armour, cold-blooded, AC +6
a: no special abilities


You were on level 4 of the Dungeon.
You were hungry.

You visited 1 branch of the dungeon, and saw 4 of its levels.

You collected 118 gold pieces.

Inventory:

Hand Weapons
 d - a +0 spear (weapon)
Missiles
 a - 64 arrows
Armour
 g - a +0 pair of boots (worn)
Jewellery
 k - an uncursed amulet of harm {unknown}
Scrolls
 i - a scroll of amnesia {unknown}
 j - a scroll of fear
 l - a scroll of enchant weapon {unknown}
 m - 2 scrolls of remove curse {unknown}
 o - a scroll of identify
Potions
 e - 2 potions of curing
 f - a potion of berserk rage {unknown}
 h - a potion of might {unknown}
 n - a potion of magic {unknown}
 p - a potion of resistance {unknown}
Books
 b - a book of Changes

   Spells                             Type                      Level
   a - Beastly Appendage              Transmutation                1
   b - Sticks to Snakes               Transmutation                2
   c - Spider Form                    Transmutation/Poison         3
   d - Ice Form                       Ice/Transmutation            4
   e - Blade Hands                    Transmutation                5
Comestibles
 c - 5 rations


   Skills:
 + Level 3.3 Fighting
 - Level 1.7 Dodging
 * Level 5.1 Unarmed Combat
 + Level 3.2 Spellcasting
 * Level 4.4 Transmutations


You had 5 spell levels left.
You knew the following spells:

 Your Spells              Type           Power        Failure   Level  Hunger
a - Beastly Appendage     Tmut           ##....       3%          1    #......
b - Sticks to Snakes      Tmut           ##......     4%          2    ##.....
c - Spider Form           Tmut/Pois      #.........   26%         3    ###....


Dungeon Overview and Level Annotations

Branches:
Dungeon (4/15)
 Temple: D:4-7

Altars:
Fedhas

Annotations:
D:4 Blork the orc


Innate Abilities, Weirdness & Mutations

Your plain brown scales are hard. (AC +6)
You cannot fit into any form of body armour.
You are cold-blooded and may be slowed by cold attacks.


Message History

An orc comes into view. It is wielding a hand axe.
You feel sick.
Blork the orc mumbles some strange words.
Blork the orc seems to speed up.
The orc closely misses you.
You feel sick.
You are no longer poisoned.
An orc comes into view. It is wielding a trident.
Your transformation has ended.
Your +0 spear unmelds from your body.
Your +0 pair of boots unmelds from your body.
The orc shouts!
Blork the orc looks braver for a moment.
The orc closely misses you. The orc misses you. The orc hits you.
* * * LOW HITPOINT WARNING * * *
The orc hits you from afar with a trident.
* * * LOW HITPOINT WARNING * * *
The orc hits you from afar with a trident!
You die...

#...............#
#...............#
#...............#####
#...............^....
#....................
#....................
#.....o..............
#...[................
#..<@oo..............
#....o............†..
#....................
#....................
#....(...............
#########.######.....
#.# #..... #.# ######


You could see Blork the orc and 3 orcs.

Vanquished Creatures
  A howler monkey (D:4)
  A bullfrog skeleton (D:2)
  An orc priest (D:4)
  A centaur skeleton (D:4)
  Terence (D:3)
  2 orc wizards
  An iguana (D:4)
  2 worker ants (D:4)
  A hound skeleton (D:2)
  8 adders
  An ooze (D:2)
  An adder zombie (D:2)
  3 worms
  2 dart slugs (D:1)
  2 leopard geckos (D:2)
  6 orcs
  10 bats
  6 giant cockroaches
  10 goblins
  4 hobgoblins
  3 jackals (D:1)
  8 kobolds
  A quokka (D:3)
  A ball python zombie (D:2)
  5 frilled lizards
  A quokka skeleton (D:2)
  A quokka zombie (D:2)
  7 rats
91 creatures vanquished.

Notes
Turn   | Place    | Note
-------+----------+-------------------------------------------
     0 | D:1      | kae the Draconian Transmuter began the quest for the Orb.
     0 | D:1      | Reached XP level 1. HP: 16/16 MP: 3/3
   326 | D:1      | Reached XP level 2. HP: 23/23 MP: 5/5
   932 | D:1      | Reached XP level 3. HP: 17/29 MP: 6/6
  1475 | D:2      | Reached XP level 4. HP: 28/36 MP: 7/7
  1545 | D:2      | Learned a level 2 spell: Sticks to Snakes
  1549 | D:2      | Learned a level 3 spell: Spider Form
  1842 | D:2      | Found a blossoming altar of Fedhas.
  2077 | D:2      | Reached skill level 4 in Unarmed Combat
  2077 | D:2      | Reached XP level 5. HP: 29/42 MP: 4/8
  2380 | D:3      | Noticed Terence
  2389 | D:3      | Killed Terence
  3167 | D:4      | Reached XP level 6. HP: 47/50 MP: 6/10
  3764 | D:4      | Reached skill level 5 in Unarmed Combat
  3792 | D:4      | Noticed Blork the orc
  3822 | D:4      | Slain by an orc

Skill      XL: |  1  2  3  4  5  6 |
---------------+-------------------+-----
Fighting       | 2 3 |  3.3
Transmutations | 3 4 |  4.4
Unarmed Combat | 4 5 |  5.1
Spellcasting   | 3 |  3.2
Dodging        | |  1.7

Action                   |  1- 3 |  4- 6 || total
-------------------------+-------+-------++-------
Melee: Spear             |   134 |   155 ||   289
       Unarmed           |    13 |    82 ||    95
       Tailslap          |    15 |    10 ||    25
       Punch             |     1 |     4 ||     5
       Kick              |     1 |       ||     1
 Cast: Beastly Appendage |     3 |       ||     3
       Spider Form       |       |    15 ||    15
  Use: Scroll            |     1 |     2 ||     3
 Stab: Sleeping          |     3 |     1 ||     4
       Distracted        |     1 |       ||     1
  Eat: Chunk             |     2 |     9 ||    11
Armor: Skin              |    38 |    44 ||    82
Dodge: Dodged            |    88 |   172 ||   260
